 Dungeon Crawl Stone Soup version 0.27-a0-1242-ge70438ac7b (webtiles) character file.

Game seed: 16263654923051092195

198 Glokmah the Skirmisher (level 5, 0/57 HPs)
             Began as an Ogre Berserker on June 9, 2021.
             Was a Believer of Trog.
             Slain by an orc wizard
             ... wielding a +0 rapier
              (5 damage)
             ... on level 3 of the Dungeon.
             The game lasted 00:02:52 (3212 turns).

Glokmah the Skirmisher (Ogre Berserker)             Turns: 3212, Time: 00:02:53

Health: 0/57       AC:  3    Str: 21    XL:     5   Next: 76%
Magic:  5/5        EV: 10    Int:  8    God:    Trog [**....]
Gold:   44         SH:  0    Dex:  9    Spells: 4/4 levels left

rFire    . . .     SeeInvis .   a - +0 mace
rCold    . . .     Faith    .   (no shield)
rNeg     . . .     Spirit   .   b - +0 animal skin
rPois    .         Reflect  .   (helmet restricted)
rElec    .         Harm     .   (no cloak)
rCorr    .         Rampage  .   (gloves unavailable)
Will     ++...                  (boots unavailable)
Stlth    +.........             (no amulet)
HPRegen  1.19/turn              (no ring)
MPRegen  0.09/turn              (no ring)

@: strong-willed, on berserk cooldown, regenerating, slowed, very slow
A: large, unfitting armour, tough skin 1
a: Renounce Religion, Berserk, Trog's Hand


You were on level 3 of the Dungeon.
You worshipped Trog.
Trog was pleased with you.
You visited 1 branch of the dungeon, and saw 3 of its levels.

You collected 44 gold pieces.

Inventory:

Hand Weapons
 a - a +0 mace (weapon)
Armour
 b - a +0 animal skin (worn)
Scrolls
 c - 5 scrolls of identify {unknown}
 d - a scroll of enchant weapon {unknown}
 e - a scroll of immolation {unknown}
 g - a scroll of magic mapping {unknown}
Potions
 f - 2 potions of attraction {unknown}
 h - 3 potions of ambrosia {unknown}
 i - 2 potions of lignification {unknown}


   Skills:
 + Level 5.3 Fighting
 * Level 4.4 Maces & Flails
 + Level 3.6 Dodging


You had 4 spell levels left.
You didn't know any spells.
Your spell library was empty.

Dungeon Overview and Level Annotations

Branches:
Dungeon (3/15)

Altars:


Innate Abilities, Weirdness & Mutations

You are too large for most types of armour.
You have tough skin. (AC +1)


Message History

You are no longer berserk.
You are exhausted.
You feel yourself slow down.
You hit the endoplasm but do no damage. The endoplasm hits you.
Something hits you. The hobgoblin hits you. The hobgoblin barely misses you.
Something hits you.
The endoplasm hits you but does no damage.
The endoplasm freezes you.
You are frozen.
You hit the endoplasm.
The endoplasm is heavily wounded.
The endoplasm freezes you.
You are frozen.
You sock the endoplasm!
You kill the endoplasm!
Trog accepts your kill. The hobgoblin barely misses you.
You hit the hobgoblin but do no damage. The hobgoblin barely misses you.
The hobgoblin hits you.
You hit the hobgoblin.
The hobgoblin is almost dead.
The hobgoblin hits you but does no damage.
The hobgoblin hits you.
You thump the hobgoblin!
You kill the hobgoblin!
Trog accepts your kill. Something hits you.
* * * LOW HITPOINT WARNING * * *
You closely miss something. Something hits you.
* * * LOW HITPOINT WARNING * * *
Something hits you.
* * * LOW HITPOINT WARNING * * *
You closely miss something. Something hits you.
* * * LOW HITPOINT WARNING * * *
Something hits you.
* * * LOW HITPOINT WARNING * * *
Your skin crawls.
You feel strong-willed. Something hits you.
You die...

#########
........##
......... +
......^.# #.##
.......<####.....
#####+#.@#...$...
###).....≈≈
#).♣♣..§≈ ...♣ .
#.... #.....
#..≈≈.. #..≈≈.).
##.....##


There were no monsters in sight!

Vanquished Creatures
  Natasha (thrice) (D:2)
  An orc wizard (D:3)
  A gnoll (D:1)
  4 adders (D:2)
  A dart slug (D:2)
  2 orcs (D:3)
  4 ball pythons
  5 endoplasms
  6 goblins
  5 hobgoblins
  3 jackals (D:2)
  2 quokkas (D:1)
  3 bats
  A frilled lizard (D:1)
  7 kobolds
  4 rats (D:2)
52 creatures vanquished.

Notes
Turn   | Place    | Note
-------+----------+-------------------------------------------
     0 | D:1      | Glokmah the Ogre Berserker began the quest for the Orb.
     0 | D:1      | Reached XP level 1. HP: 24/24 MP: 1/1
   269 | D:1      | Reached XP level 2. HP: 32/32 MP: 2/2
   597 | D:1      | Reached XP level 3. HP: 33/40 MP: 3/3
  1040 | D:1      | Found a faded altar of an unknown god.
  2126 | D:2      | Reached XP level 4. HP: 49/49 MP: 4/4
  2139 | D:2      | Reached ** piety under Trog
  2633 | D:2      | Noticed Natasha
  2641 | D:2      | Killed Natasha
  2827 | D:2      | Reached skill level 5 in Fighting
  2827 | D:2      | Reached XP level 5. HP: 47/57 MP: 5/5
  2928 | D:2      | Noticed Natasha
  2932 | D:2      | Killed Natasha
  3040 | D:2      | Noticed Natasha
  3046 | D:2      | Killed Natasha
  3212 | D:3      | Slain by an orc wizard

Illustrated notes

Levels and vault maps discovered:
D:1:      dpeg_arrival_water_fire, layout_basic, chequers_ecumenical_altar_grove
D:2:      layout_basic, uniq_natasha
D:3:      minmay_bubble_buster, layout_basic, nicolae_wu_jian_wuxing_cycle,
          overflow_temple_1_default, serial_aquarium,
          aquarium_bridge_long_separate [aquarium_subvault_bridge,
          aquarium_subvault_balcony, aquarium_subvault_bridge,
          aquarium_subvault_window, aquarium_subvault_window,
          aquarium_subvault_bridge], aquarium_window_double,
          aquarium_window_fake, aquarium_window_2, aquarium_view_2a,
          aquarium_pool_five

Skill      XL: |  1  2  3  4 |
---------------+-------------+-----
Maces & Flails | 3 4 |  4.4
Dodging        | 3 |  3.6
Fighting       | 5 |  5.3

Action                   |  1- 3 |  4- 6 || total
-------------------------+-------+-------++-------
Melee: Mace              |    88 |    71 ||   159
Invok: Berserk           |     8 |     4 ||    12
       Trog's Hand       |       |     1 ||     1
 Stab: Sleeping          |     1 |       ||     1
Armor: Animal skin       |    30 |    19 ||    49
Dodge: Dodged            |    50 |    41 ||    91

Table legend: (Time is in decaauts)
 A = Elapsed time spent in this place.
 B = Non-inter-level travel time spent in this place.
 C = Inter-level travel time spent in this place.
 D = Time resting spent in this place.
 E = Time spent auto-exploring this place.
 F = Levels seen in this place.
 G = Mean time per level.
                   A        B        C        D        E       F      G
               +--------+--------+--------+--------+--------+-----+--------+
         Total |   3348 |   3130 |    218 |   1214 |   1520 |   3 | 1116.0 |
       Dungeon |   3348 |   3130 |    218 |   1214 |   1520 |   3 | 1116.0 |
               +--------+--------+--------+--------+--------+-----+--------+

Top non-repeatable levels by time:
     D:2: 1767 daAuts
     D:1: 1545 daAuts
     D:3: 35 daAuts
